Cogmind - Beta 15 @@@ ROGUE MODE // 2025.05.11 @ 00:33:00 Player: gorb Result: Destroyed by G-47 Trooper with Particle Gun Performance ------------- Evolutions (2) 1000 Regions Visited (3) 600 Robots Destroyed (33) 165 Value Destroyed (1319) 1319 Prototype IDs (2) 40 Alien Tech Used (0) 0 Bonus (0) 0 TOTAL SCORE: 3124 Bonus ------- None Cogmind --------- Core Integrity 0/550 Matter 290/300 Energy 135/160 System Corruption 2% Temperature Cool (9) Movement Rolling (100) Location -8/Materials Parts ------- > --- POWER (1) -------- Light Nuclear Core > --- PROPULSION (4) --- Armored Huge Wheel Armored Huge Wheel > --- UTILITY (4) ------ Improved Heat Sink Large Storage Unit Utility Shielding > --- WEAPON (2) ------- Blade Saw Great Axe > --- INVENTORY (15) --- Light Deuterium Engine Light Nuclear Core Advanced Treads Advanced Treads Advanced Treads Advanced Treads Advanced Beam Rifle Heavy Assault Rifle Heavy Assault Rifle Great Axe Great Axe Peak State ------------ > --- POWER ------------ Deuterium Engine > --- PROPULSION ------- Armored Huge Wheel Armored Huge Wheel > --- UTILITY ---------- Improved Heat Sink Large Storage Unit Utility Shielding Hardened Medium Armor Plating > --- WEAPON ----------- Blade Saw Great Axe > --- INVENTORY -------- Light Deuterium Engine Light Nuclear Core Advanced Treads Advanced Treads Advanced Treads Advanced Treads Heavy Assault Rifle Heavy Assault Rifle Great Axe Great Axe [Rating: 37] Favorites ----------- Power Light Deuterium Engine Engine Light Deuterium Engine Power Core Light Nuclear Core Propulsion Aluminum Leg Leg Aluminum Leg Wheel Compact Wheel Utility Sensor Array Device Sensor Array Storage Large Storage Unit Protection Utility Shielding Weapon EM Pulse Gun Energy Gun EM Pulse Gun Energy Cannon Beam Cannon Ballistic Gun Minigun Launcher Grenade Launcher Impact Weapon Power Maul Slashing Weapon Great Axe Build | -11 -10 -9 -8 ------- Run | Yrd Mat Mat Mat Slots Evolved 4 | . . 2 2 Power . | . . . . Propulsion 2 | . . 2 . Utility 2 | . . . 2 Weapon . | . . . . Parts Attached 45 | 6 2 8 29 Power 6 | 1 . 1 4 Engine 4 | 1 . . 3 Core 2 | . . 1 1 Reactor . | . . . . Propulsion 13 | 2 . 4 7 Treads . | . . . . Leg 7 | . . 4 3 Wheel 6 | 2 . . 4 Hover . | . . . . Flight . | . . . . Utility 8 | 1 2 . 5 Device 2 | . 1 . 1 Storage 2 | 1 . . 1 Processor . | . . . . Hackware . | . . . . Protection 4 | . 1 . 3 Artifact . | . . . . Weapon 18 | 2 . 3 13 Energy Gun 5 | 2 . 1 2 Energy Cannon 3 | . . . 3 Ballistic Gun 2 | . . . 2 Ballistic Cannon . | . . . . Launcher 3 | . . 2 1 Special Weapon . | . . . . Impact Weapon 1 | . . . 1 Slashing Weapon 4 | . . . 4 Piercing Weapon . | . . . . Special Melee Weapon . | . . . . Unidentified Prototypes . | . . . . Corrupted Parts 1 | . . . 1 System Corruption 2 | . . . 2 Parts Lost 24 | . 2 3 19 Power 4 | . 1 1 2 Propulsion 7 | . . 1 6 Utility 3 | . . . 3 Weapon 10 | . 1 1 8 Highest Loss Streak 5 | . 1 1 5 To Critical Strikes . | . . . . Average Backups 7 | 4 7 7 7 Power 1 | 1 1 . 1 Propulsion 1 | 1 2 1 1 Utility . | . 1 2 . Weapon 3 | 1 1 3 4 Tool/Special . | . . . . Unused Backups 11 | . 1 1 9 Power 2 | . . 1 1 Propulsion 5 | . . . 5 Utility . | . . . . Weapon 3 | . . . 3 Tool/Special 1 | . 1 . . Average Slot Usage (%) 79 | . 94 85 72 Engine 6 | . 13 . 6 Core 1 | . . 6 . Leg 12 | . . 27 11 Wheel 12 | . 28 7 8 Device 9 | . 12 11 7 Storage 10 | . 14 11 9 Protection 7 | . . . 13 Energy Gun 11 | . 26 16 4 Energy Cannon 1 | . . . 3 Launcher 1 | . . 4 1 Slashing Weapon 3 | . . . 5 Peak Build Rating 37 | 6 8 15 37 Average Rating 16 | 2 7 11 22 On Entrance 5 | . 6 6 10 Naked Turns . | . . . . Heaviest Build 46 | 12 13 16 46 Greatest Support 56 | 32 32 49 56 Greatest Overweight (x) 9 | 1 . 1 9 Average Overweight (x) . | . . . . Largest Inventory Capacity 15 | 8 8 8 15 Average Capacity 11 | 7 8 8 14 Most Carried 15 | 8 8 8 15 Average Carried 7 | 4 7 7 7 Final Capacity 15 | 8 8 8 15 Final Carried 11 | 4 8 8 11 Class Distribution -------------------- 100% | Mutant Dominant Class ---------------- Mutant | -10/Materials Mutant | -9/Materials Mutant | -8/Materials Resources | -11 -10 -9 -8 ----------- Run | Yrd Mat Mat Mat Matter Collected 870 | 250 30 89 501 Remotely . | . . . . Salvage Created 1341 | . 182 158 1001 Parts 80 | . 15 12 53 Haulers Intercepted . | . . . . Recyclers Shooed . | . . . . Parts Field Recycled . | . . . . Retrieved Matter . | . . . . Parts Self-Destructed . | . . . . Prevented . | . . . . Kills | -11 -10 -9 -8 ------- Run | Yrd Mat Mat Mat Combat Hostiles Destroyed 32 | . 6 5 21 Melee 9 | . . . 9 Guns 15 | . 5 2 8 Cannons 2 | . . . 2 AOE 6 | . 1 3 2 Classes Destroyed 5 | . 2 1 2 Operator 1 | . . . 1 Swarmer 3 | . 3 . . Cutter 2 | . . . 2 Grunt 20 | . 3 3 14 Sentry 7 | . . 2 5 Best Kill Streak 5 | . 2 3 5 Combat Bots Only 5 | . 2 3 5 Max Kills in Single Turn 1 | . 1 1 1 Gunslinging . | . . . . Exploded 1 | . 1 1 1 Melee 1 | . . . 1 Uniques/NPCs Destroyed . | . . . . Combat | -11 -10 -9 -8 -------- Run | Yrd Mat Mat Mat Hostile Shots Fired 308 | . 33 38 237 Missed 74 | . 9 12 53 Hits 234 | . 24 26 184 Melee 21 | . . . 21 Projectile 213 | . 24 26 163 AOE 1 | . . . 1 Critical Strikes 19 | . . . 19 Damage Taken 3950 | . 249 522 3179 Core 762 | . 84 116 562 Absorbed by Shields . | . . . . Redirected to Shielding 29 | . . . 29 Core Remaining (%) 79 | 100 66 71 . Volleys Fired 101 | . 27 14 60 Largest 2 | . 2 2 2 Hottest 121 | . 80 105 121 Shots Fired 153 | . 38 25 90 Gun 113 | . 38 17 58 Cannon 22 | . . . 22 Launcher 18 | . . 8 10 Special . | . . . . Kinetic 19 | . . . 19 Thermal 36 | . . 10 26 Explosive 18 | . . 8 10 Electromagnetic 80 | . 38 7 35 Robot Hit Streak 14 | . 4 14 13 Robot Miss Streak 9 | . 9 2 7 Penetration Max . | . . . . Secondary Targets 1 | . . . 1 Max Gunslinging Chain 1 | . . . 1 Shots Hit Robots 108 | . 13 18 77 Core Hits 58 | . 7 10 41 Critical Kills . | . . . . Critical Parts Destroyed . | . . . . Critical Strikes 4 | . 2 1 1 Corrupt 4 | . 2 1 1 Melee Attacks 35 | . . . 35 Impact 3 | . . . 3 Slashing 32 | . . . 32 Piercing . | . . . . Sneak Attacks 1 | . . . 1 Combat Hostiles . | . . . . Follow-up Attacks 3 | . . . 3 Damage Inflicted 3210 | . 201 539 2470 Guns 904 | . 172 165 567 Cannons 357 | . . . 357 Explosions 886 | . 21 374 491 Melee 1049 | . . . 1049 Ramming 14 | . 8 . 6 Kinetic 160 | . . . 160 Thermal 559 | . 21 117 421 Explosive 689 | . . 346 343 Electromagnetic 729 | . 172 76 481 Impact 120 | . . . 120 Slashing 939 | . . . 939 Piercing . | . . . . Highest Corruption 2 | . . . 2 Average Corruption 2 | . . . 2 Corruption Purged . | . . . . Corruption Blocked . | . . . . Effects 5 | . . . 5 Message Errors 1 | . . . 1 Matter Fused 1 | . . . 1 Energy Discharges 1 | . . . 1 Data Loss (minor) 1 | . . . 1 Misfires 1 | . . . 1 Overload Shots . | . . . . Overflow Damage 191 | . . 14 177 Projectiles . | . . . . Explosions 75 | . . 14 61 Melee 116 | . . . 116 Knockbacks 2 | . . . 2 Impact 1 | . . . 1 Kinetic . | . . . . Secondary 1 | . . . 1 Self-Inflicted Damage 401 | . 40 189 172 Shots 13 | . 1 7 5 Rammed 3 | . 3 . . Targets Rammed 4 | . 3 . 1 Kicked 1 | . . . 1 Crushed . | . . . . Highest Temperature 316 | . 90 161 316 Average Temperature 94 | . 43 64 115 Received Heat Transfer 1653 | . 21 138 1494 Effects 2 | . . . 2 Energy Bleed 1 | . . . 1 Interference 1 | . . . 1 Siege Activations . | . . . . Martial Activations . | . . . . Shielding Activations . | . . . . Robots Disrupted . | . . . . Combat Hostiles . | . . . . Robots Corrupted . | . . . . Combat Hostiles . | . . . . Parts Fried . | . . . . Impact Corruptions 2 | . . . 2 Robots Melted . | . . . . Combat Hostiles . | . . . . Parts Melted . | . . . . Heat Transferred 1101 | . 50 272 779 Parts Sabotaged . | . . . . Parts Stolen . | . . . . Parts Stripped . | . . . . Power Chain Reactions 4 | . 1 1 2 Alert | -11 -10 -9 -8 ------- Run | Yrd Mat Mat Mat Maximum Alert Level 1 | . . . 1 Low Security (%) 98 | 100 100 100 97 Level 1 1 | . . . 2 Level 2 . | . . . . Level 3 . | . . . . Level 4 . | . . . . Level 5 . | . . . . High Security . | . . . . Max Security . | . . . . Peak Influence 211 | . 55 93 211 Initial 30 | . . 15 30 Average 49 | . 19 22 75 Influence Increases 1141 | . 176 198 767 Destroy 0b10 Robot/C 640 | . 120 100 420 Destroy 0b10 Robot/NC 5 | . . . 5 Destroy Leader 150 | . 20 30 100 Successful Hack 19 | . 4 10 5 Disable Machine 60 | . 15 15 30 Destroy Structure 102 | . 2 28 72 Partial Spotted 15 | . . . 15 Lose Combat Pursuer 150 | . 15 15 120 Influence Decreases 942 | . 139 162 641 Entered New Map 65 | . . 22 43 Time Decay 583 | . 119 120 344 Lost Part 218 | . 20 20 178 Purge Threat 76 | . . . 76 Squads Dispatched 7 | . . 2 5 Investigation 4 | . . 2 2 Extermination . | . . . . Reinforcement 3 | . . . 3 Assault . | . . . . Garrison . | . . . . Intercept . | . . . . Searches Triggered . | . . . . Construction Impeded . | . . . . Haulers Reinforced . | . . . . Active Scanning Responses . | . . . . Cargo Convoy Interrupts . | . . . . Stealth | -11 -10 -9 -8 --------- Run | Yrd Mat Mat Mat Distress Signals 3 | . . . 3 Communications Jammed . | . . . . Distress Signals . | . . . . Times Spotted 47 | . 8 6 33 Peak Tracking Total 7 | . 3 3 7 Tactical Retreats 5 | . 1 1 3 Traps | -11 -10 -9 -8 ------- Run | Yrd Mat Mat Mat Traps Triggered 1 | . . . 1 Indirectly . | . . . . Trap Hack Attempts . | . . . . Triggered . | . . . . Disarmed . | . . . . Reprogrammed . | . . . . Reused . | . . . . Traps Extracted . | . . . . Installed . | . . . . Triggered . | . . . . Machines | -11 -10 -9 -8 ---------- Run | Yrd Mat Mat Mat Machines Disabled 4 | . 1 1 2 Max in Single Turn 1 | . 1 1 1 Machines Repaired . | . . . . Machines Dismantled . | . . . . Machines Sabotaged . | . . . . Overloaded Fab Kills . | . . . . Hacking | -11 -10 -9 -8 --------- Run | Yrd Mat Mat Mat Machines Accessed 9 | . 1 4 4 Terminals 8 | . 1 3 4 Fabricators . | . . . . Repair Stations . | . . . . Recycling Units 1 | . . 1 . Scanalyzers . | . . . . Garrison Access . | . . . . Total Hacks 28 | . 1 14 13 Successful 18 | . 1 9 8 Failed 10 | . . 5 5 Catastrophic 3 | . . 3 . Database Lockouts . | . . . . Manual . | . . . . Terminals 24 | . 1 10 13 Fabricators . | . . . . Repair Stations . | . . . . Recycling Units 4 | . . 4 . Scanalyzers . | . . . . Garrison Access . | . . . . Terminal Hacks 15 | . 1 6 8 Record 1 | . . . 1 Prototype ID Bank 1 | . . . 1 Alert Level 3 | . . 1 2 Unreport Threat 2 | . . . 2 Locate Traps 1 | . . 1 . Dispatch Records 1 | . 1 . . Maintenance Status 1 | . . 1 . Surveillance Status 1 | . . 1 . Investigation Status 1 | . . . 1 Reinforcement Status 1 | . . . 1 Hauler Manifests 1 | . . 1 . Registered Components 1 | . . 1 . Fabricator Hacks . | . . . . Repair Station Hacks . | . . . . Recycling Unit Hacks 3 | . . 3 . Recycle Component 1 | . . 1 . Process 1 | . . 1 . Retrieve Matter 1 | . . 1 . Scanalyzer . | . . . . Garrison Access Hacks . | . . . . Unauthorized Hacks . | . . . . Terminals . | . . . . Fabricators . | . . . . Repair Stations . | . . . . Recycling Units . | . . . . Scanalyzers . | . . . . Garrison Access . | . . . . Data Cores Recovered . | . . . . Used . | . . . . Hacking Detections 8 | . 1 3 4 Full Trace Events 4 | . . 2 2 Feedback Events . | . . . . Feedback Blocked . | . . . . Robot Schematics Acquired . | . . . . Robots Built . | . . . . Authchips . | . . . . Time . | . . . . Total Robot Build Rating . | . . . . Part Schematics Acquired . | . . . . Parts Built . | . . . . Authchips . | . . . . Time . | . . . . Total Part Build Rating . | . . . . Parts Repaired . | . . . . Time . | . . . . Parts Recycled 1 | . . 1 . Recycled Matter 30 | . . 30 . Retrieved Matter 30 | . . 30 . Retrieved Components . | . . . . Parts Scanalyzed . | . . . . Part Schematics Acquired . | . . . . Parts Damaged . | . . . . Bothacking | -11 -10 -9 -8 ------------ Run | Yrd Mat Mat Mat Used RIF Installer . | . . . . Robots Hacked . | . . . . Non-combat . | . . . . Combat . | . . . . Robot Hacks Applied . | . . . . Relay Couplers Released . | . . . . Fabnet Peak Effective % . | . . . . Robots Rewired . | . . . . Allies Hacked . | . . . . Hacks Repelled . | . . . . Allies | -11 -10 -9 -8 -------- Run | Yrd Mat Mat Mat Total Allies . | . . . . Largest Group . | . . . . Highest-Rated Group . | . . . . Highest-Rated Ally . | . . . . Total Orders . | . . . . Ally Attacks . | . . . . Total Damage . | . . . . Kills . | . . . . Allies Corrupted . | . . . . Allies Melted . | . . . . Intel | -11 -10 -9 -8 ------- Run | Yrd Mat Mat Mat Active Infowar (turns) 1129 | . 303 354 472 Sensors 1129 | . 303 354 472 Robot Analysis Total . | . . . . Derelict Logs Recovered . | . . . . Drone Launches . | . . . . Drone Recoveries . | . . . . Exploration | -11 -10 -9 -8 ------------- Run | Yrd Mat Mat Mat Turns Passed 1680 | 59 348 354 919 Spaces Moved 976 | 50 256 256 414 Core 38 | 31 . . 7 Treads . | . . . . Legs 341 | . . 152 189 Wheels 597 | 19 256 104 218 Hover . | . . . . Flight . | . . . . Fastest Speed 50 | 50 100 100 100 Average Speed 121 | 88 100 112 144 Slowest Speed 500 | 100 100 190 500 Overloaded Moves . | . . . . Propulsion Burnouts . | . . . . Robots Hopped . | . . . . Potential Cave-ins . | . . . . Cave-ins Triggered . | . . . . Exploration Rate (%) 26 | 4 46 26 30 Regions Visited 3 Branch Regions . Pre-discovered Areas . | . . . . Known Exits Taken . | . . . . Unknown Exits Taken 3 | 1 1 1 . Scrap Searched . | . . . . Spaces Dug . | . . . . Terrain Destroyed 127 | . 2 60 65 Melee . | . . . . Projectile . | . . . . AOE 127 | . 2 60 65 Terrain Rammed . | . . . . Walls Destroyed . | . . . . Machines Disabled . | . . . . Actions | -11 -10 -9 -8 --------- Run | Yrd Mat Mat Mat Total 1264 | 64 310 297 593 Wait 39 | . 16 12 11 Move 973 | 49 255 255 414 Hop . | . . . . Pick Up 55 | 9 6 6 34 Fast Attach 4 | 1 . 2 1 Attach 40 | 5 1 5 29 Detach . | . . . . Swap 9 | . 1 1 7 Drop 9 | . 1 2 6 Fire 101 | . 27 14 60 Melee 30 | . . . 30 Ram 3 | . 3 . . Kick 1 | . . . 1 Crush . | . . . . Escape Stasis . | . . . . Rewire . | . . . . Trap . | . . . . Miscellaneous . | . . . . Route ------- -11/Scrapyard -10/Materials (discovered 3 exits: *Mat x2 / [*Min]) -9/Materials -8/Materials History --------- Turn | Location | Event 8 | -11/Scrapyard | Discovered new exit (range 15) 60 | -11/Scrapyard | Entered Materials 177 | -10/Materials | Discovered new exit (range 12) 262 | -10/Materials | Discovered new exit (range 3) 316 | -10/Materials | Build established: Mutant 339 | -10/Materials | Discovered new exit (range 15) 408 | -10/Materials | Entered another Materials area 408 | -9/Materials | Evolved 2 slots: Propulsion x2 744 | -9/Materials | Discovered new exit (range 16) 762 | -9/Materials | Entered another Materials area 762 | -8/Materials | Evolved 2 slots: Utility x2 894 | -8/Materials | Lost 5 parts (2n3w) 1117 | -8/Materials | Lost 3 parts (1n1u1w) 1263 | -8/Materials | Core integrity fell below 50% 1349 | -8/Materials | Lost 5 parts (1p2n2w) 1472 | -8/Materials | Core integrity fell below 20% 1681 | -8/Materials | Destroyed by G-47 Trooper with Particle Gun Last Messages --------------- G-47 Trooper destroyed. W-25 Informer sends out distress signal. Acquired 10 matter. Acquired Lgt. Nuclear Core. R-06 Scavenger inserts Imp. Heat Sink into recycling unit. Hrd. Medium Armor Plating destroyed. Blade Saw follow-up attack on Y-45 Defender. R-06 Scavenger collects Particle Gun. Blade Saw follow-up attack on Y-45 Defender. R-06 Scavenger collects Carbon-fiber Leg. K-01 Serf cleans the Terminal. R-06 Scavenger collects Imp. Heat Sink. R-06 Scavenger collects Aluminum Leg. Y-45 Defender destroyed. R-06 Scavenger collects Aluminum Leg. R-06 Scavenger collects Beam Rifle. K-01 Serf collects debris. /SDRB:9P=F7ANXW3UWM=NPBM E,X K-01 Serf collects debris. Map ----- +----------------------------------------------------+ | ?????????????????????????????????????????????????? | | ?????????????????????????????????????????????????? | | ?????????????????????????????????????????????????? | | ?????????????????????????????????????????????????? | | ?????????????????????????????????????????????????? | | ?????????????????????????????????????????????????? | | ?????????????????????????????????????????????????? | | ?????????????????????????????????????????????????? | | ?????????????????????????????????????????????????? | | ?????????????????????????????????????????????????? | | ?????????????????????????????????????????????????? | | ?????????????????????????????????????????????????? | | ?????????????????????????????????????????????????? | | ?????????????????????????????????????????????????? | | ?????????????????????##+#????????????????????????? | | ????????????????????? ????????????????????????? | | ?????????????????????==[ ?#????????????????????? | | ?????????????????????=[[ #????????????????????? | | ??????????????????????[[ #????????????????????? | | ?????????????????????? g #????????????????????? | | ???????????????????????" "" ?????????????????????? | | ???????????????????????"aY" ###############??????? | | ????????????????????????g""?# #??????? | | ???????????????????????? ?# """ """ """ ##?????? | | ????????????????????????#u#?# """ """ """ #?????? | | ????????????????????????#@#?# """ """ """ #??????? | | ????????????????????????# #?# #??????? | | ????????????????????????# #?# *! #??????? | | ????????????????????????# #?####+################# | | ????????????????????????# #???# % # # | | ????????????????????????# ##### # # | | ????????????????????????# #% # | | ????????????????????????######## %+ # | | ?????????????????????????????? # # # | | ???????????????????????????? + [[ # !!! # | | ????????????????????????? # ! # !! # | | ??????????????????????????"Y" ?# # = !! # | | ???????????????????????????"???# # # | | ???????????????????????????????# # # | | ?????????????????????????????### = # # | | ?????????????????????????????#"" ## ###### | | ?????????????????????????????#"T #?##????? | | ?????????????????????????????#"" ##??????? | | ????????????????????????######## #??????? | | ????????????????????? #??????? | | ????????????????????? [ #??????? | | ????????????????????? #??????? | | ?????????????????????? ###+########## #??????? | | ???????????????????????????????????####/########?? | | ???????????????????????????????????# #?? | +----------------------------------------------------+ Best States ------------- Heat Dissipation 45 Energy Generation 14 Energy Capacity 275 Matter Stores 300 Matter Capacity 300 Sight Range 16 Robot Scan Range 14 Terrain Scan Density 10 Armor Coverage 225 Utility Shielding 33 Evasion (%) 55 Item Schematics ----------------- None Robot Schematics ------------------ None Fabricated ------------ Nothing Repaired ---------- Nothing Alien Tech Used ----------------- None Achievements -------------- None Challenges ------------ None Game ------ Seed SystemTachyonNullifier Manual? 0 Play Time 00:23:09 Cumulative 27.3 hours Start 2025.05.11 @ 00:08:44 End 2025.05.11 @ 00:33:00 Sessions 1 Manual Loads 0 Difficulty Rogue Special Mode None Game No. 40 Rogue 38 Adventurer 0 Explorer 2 Win Type - Total 0 Types 0/0/0/0/0/0/0/0/0/0 Lore% 10 Gallery% 21 Achievement% 20 Wizard Run 0 Options --------- Layout 1 ASCII 0 Keyboard 0 Movement Mouse Keybinds 0 Fullscreen 1 Font 24/Smallcaps Map View 50x35 Zoom Use 0% Tactical HUD 0 Map Filters NONE Filters NONE Steam 1 RUN: 2484b36d-d526-4fc4-9d9f-f1890871c355